[Event "Team 45 45 League T24"]
[Site "Internet Chess Club"]
[Date "2004.10.02"]
[Round "4"]
[White "Pilgrim"]
[Black "MaxII"]
[Result "1/2-1/2"]
[WhiteElo "1614"]
[BlackElo "1692"]
[TimeControl "2700+45"]

1. e4 e5 2. Nf3 Nf6 3. Nxe5 d6 4. Nf3 Nxe4 5. d4 d5 6. Bd3 Be7 7. O-O Nc6 8. c3
O-O 9. Ne5 Nxe5 10. Bxe4 dxe4 11. dxe5 Be6 12. Qe2 Qd3 13. Re1 Qxe2 14. Rxe2
Rad8 15. Nd2 Bg5 16. Nf1 Bxc1 17. Rxc1 Bxa2 18. Rxe4 f6 19. e6 Rfe8 20. e7 Rd7
21. Ra4 Bd5 22. Ne3 Bc6 23. Rxa7 Rdxe7 24. Raa1 g6 25. b4 f5 26. Nc2 Bd5 27. f3
c6 28. Nd4 b5 29. Kf2 Kf7 30. Ra6 Rc7 31. Rca1 Rb8 32. Ne2 Bc4 33. Rd1 Re8 34.
Nd4 c5 35. bxc5 Rxc5 36. Ra7+ Re7 37. Ra5 Rd5 38. Rb1 Ree5 39. f4 Re4 40. g3 h6
41. Ra7+ Re7 42. Ra5 g5 43. fxg5 hxg5 44. Re1 Rxe1 45. Kxe1 Kf6 46. Ra6+ Kf7 47.
Nf3 g4 48. Ng5+ Ke7 49. Re6+ Kd7 50. Re3 Rd3 51. Rxd3+ Bxd3 52. Kd2 Bc4 53. Ke3
Kd6 54. Kf4 Bd3 55. Ke3 Bb1 56. Kd4 Bc2 57. h3 gxh3 58. Nxh3 Be4 59. Nf4 Bb1 60.
Ng6 Kc6 61. Ne7+ Kb6 62. Ke5 Kc5 63. Nxf5 Kc4 64. Nd4 Kxc3 65. Nxb5+ Kd2 66. g4
Ke3 67. g5 Kf3 68. Nd6 Kg4 69. Kf6 Bc2 70. Nf7 Bb1 71. Kg7 Kh5 72. Kf6 Kg4 73.
Nh6+ Kf4 74. Nf7 Kg4 75. Ne5+ Kf4 76. Nf7 Kg4 77. Nh6+ Kf4 {Game drawn by mutual
agreement} 1/2-1/2

[Event "Team 45 45 League T24"]
[Site "Internet Chess Club"]
[Date "2004.10.03"]
[Round "4"]
[White "flachtenai"]
[Black "Pilgrim"]
[Result "1-0"]
[WhiteElo "1658"]
[BlackElo "1599"]
[TimeControl "2700+45"]

1. d4 Nf6 2. Nf3 e6 3. Bf4 Nc6 4. e3 Be7 5. Nbd2 d5 6. c3 Bd6 7. Bd3 Bxf4 8.
exf4 O-O 9. Ne5 Ne7 10. O-O Ng6 11. Qf3 Nh4 12. Qh3 Nh5 13. g3 f6 14. Ng4 e5 15.
Qxh4 e4 16. Be2 Nxf4 17. gxf4 g5 18. fxg5 fxg5 19. Qg3 h5 20. Ne3 h4 21. Qg2 Kh8
22. f3 Qd6 23. fxe4 h3 24. Rxf8+ Qxf8 25. Qxg5 Be6 26. Rf1 Qg7 27. Qxg7+ Kxg7
28. exd5 Bd7 29. Bg4 Bxg4 30. Nxg4 Rg8 31. Rf3 Re8 32. Kf2 {Black resigns} 1-0

[Event "Team 45 45 League T24"]
[Site "Internet Chess Club"]
[Date "2004.10.02"]
[Round "4"]
[White "softpawn"]
[Black "rabanito"]
[Result "1-0"]
[WhiteElo "1600"]
[BlackElo "1508"]
[TimeControl "2700+45"]

1. e4 e5 2. Nf3 Nc6 3. Bb5 a6 4. Ba4 Nf6 5. O-O Be7 6. Re1 b5 7. Bb3 d6 8. h3
O-O 9. c3 Na5 10. Bc2 c5 11. d4 Qc7 12. Nbd2 cxd4 13. cxd4 Bb7 14. d5 Rac8 15.
Bd3 Nd7 16. b3 f5 17. Bb2 Nc5 18. Rc1 Qb6 19. Bb1 fxe4 20. Nxe4 Nd7 21. Rxc8
Bxc8 22. Bc1 Nb7 23. Be3 Qd8 24. Neg5 Nf6 25. Ne6 Bxe6 26. dxe6 Qc8 27. Ng5 h6
28. Nf7 Qxe6 29. Nxh6+ gxh6 30. Bxh6 Rf7 31. Bg6 Nc5 32. Qf3 Nfe4 33. Bxf7+ Qxf7
34. Qg4+ Bg5 35. Rxe4 Qxf2+ 36. Kxf2 Nxe4+ 37. Qxe4 {Black resigns} 1-0

[Event "Team 45 45 League T24"]
[Site "Internet Chess Club"]
[Date "2004.10.04"]
[Round "4"]
[White "hondocando"]
[Black "Gandalf"]
[Result "0-1"]
[WhiteElo "1626"]
[BlackElo "1840"]
[TimeControl "2700+45"]

1. e4 c6 2. d4 d5 3. e5 Bf5 4. Bd3 Bxd3 5. Qxd3 e6 6. Nf3 Nd7 7. O-O c5 8. c3
Ne7 9. Bg5 Qc7 10. Na3 a6 11. Nc2 Rc8 12. Rac1 h6 13. Be3 Nf5 14. g4 Nxe3 15.
Qxe3 Be7 16. h4 Qd8 17. g5 hxg5 18. hxg5 Nf8 19. Kg2 Ng6 20. Rh1 Rxh1 21. Rxh1
Qb6 22. b3 Qa5 23. a4 cxd4 24. Ncxd4 Rxc3 25. Qd2 Qc7 26. Nh4 Nxe5 27. f4 Nd3
28. Rf1 Bd6 29. Kh1 Bxf4 30. Qe2 Qe5 31. Qxe5 Bxe5 32. Ndf3 Rxb3 33. Nxe5 Nxe5
34. Kg2 Rb4 35. Nf3 Nxf3 36. Rxf3 Rxa4 37. Rb3 b5 38. Kf3 b4 39. Rb1 a5 40. Rh1
b3 41. Ke3 Rb4 42. Kd3 b2 43. Rb1 a4 44. Kc3 Rb6 45. Kc2 a3 {White resigns} 0-1

[Event "Team 45 45 League T24"]
[Site "Internet Chess Club"]
[Date "2004.10.03"]
[Round "4"]
[White "jantonio"]
[Black "WarHawk"]
[Result "0-1"]
[WhiteElo "1587"]
[BlackElo "1609"]
[TimeControl "2700+45"]

1. Nf3 d5 2. g3 Nf6 3. Bg2 e6 4. O-O Bd6 5. d3 O-O 6. Nbd2 c5 7. c4 Nc6 8. a3
Re8 9. Rb1 Rb8 10. b3 a6 11. Bb2 Bd7 12. Qc2 Qe7 13. e3 h6 14. Rfe1 b5 15. Bc3
b4 16. axb4 Nxb4 17. Bxb4 cxb4 18. Qa2 Ra8 19. Nd4 Bc5 20. Qa5 Bxd4 21. exd4 Bc6
22. Rbc1 Qb7 23. cxd5 Nxd5 24. Qc5 Rac8 25. Ne4 Bd7 26. Nd6 Rxc5 27. Nxb7 Rxc1
28. Rxc1 Nc3 29. Nc5 Ne2+ 30. Kf1 Nxc1 31. Nxd7 Nxb3 32. Nc5 Nxd4 33. Nxa6 b3
{White resigns} 0-1

[Event "Team 45 45 League T24"]
[Site "Internet Chess Club"]
[Date "2004.10.04"]
[Round "4"]
[White "David-Carioca"]
[Black "clarinetref"]
[Result "1-0"]
[WhiteElo "1548"]
[BlackElo "1418"]
[TimeControl "2700+45"]

1. d4 Nf6 2. c4 e6 3. Nf3 b6 4. g3 Bb7 5. Bg2 Bb4+ 6. Nc3 O-O 7. O-O c6 8. Qc2
Bxc3 9. bxc3 Ba6 10. Ba3 Re8 11. c5 bxc5 12. Bxc5 d6 13. Ba3 Qc7 14. Rfe1 d5 15.
Ne5 Nbd7 16. Nf3 Nb6 17. Bc1 Ne4 18. Ne5 Nf6 19. Bg5 Nbd7 20. Bf4 Nxe5 21. Bxe5
Qe7 22. e4 Nd7 23. Bf4 Bb7 24. Rab1 Nb6 25. a4 Nc4 26. Qb3 Na3 27. Ra1 Nc4 28.
Reb1 Bc8 29. a5 g5 30. Bc1 h6 31. Qa4 Bd7 32. Rb7 Nd6 33. Ba3 c5 34. Qxd7 Nxb7
35. Qxe7 Rxe7 36. exd5 exd5 37. Bxd5 Rd7 38. Bf3 Rc8 39. a6 Na5 40. Bg4 Rcc7 41.
Bxd7 Rxd7 42. Bxc5 Nb3 43. Rb1 Nxc5 44. dxc5 Rc7 45. Rb7 Rxc5 46. Rxa7 Rxc3 47.
Rb7 Ra3 48. a7 Kg7 49. Kf1 Kf6 50. Ke2 Ke6 51. Kd2 f6 52. Kc2 Kd6 53. Kb2 Ra6
54. Kb3 Kc6 55. Rf7 Kb6 56. Rxf6+ Kxa7 57. Rxa6+ Kxa6 58. Kc4 Kb6 59. Kd5 Kc7
60. Ke6 Kc6 61. Kf6 Kd5 62. Kg6 Ke4 63. Kxh6 g4 64. Kg5 Kf3 65. Kh4 Kxf2 66.
Kxg4 {Black resigns} 1-0

[Event "Team 45 45 League T24"]
[Site "Internet Chess Club"]
[Date "2004.10.03"]
[Round "4"]
[White "SeanT"]
[Black "f64"]
[Result "0-1"]
[WhiteElo "1308"]
[BlackElo "1527"]
[TimeControl "2700+45"]

1. e4 c5 2. Nf3 d6 3. h3 Nf6 4. Nc3 a6 5. Bc4 b5 6. Bd5 Nxd5 7. Nxd5 e6 8. Ne3
g6 9. d3 Bg7 10. Ng4 Nc6 11. c3 O-O 12. Nh6+ Kh8 13. O-O Bb7 14. Qb3 Ne7 15. Nh2
d5 16. f3 dxe4 17. fxe4 Qxd3 18. Nxf7+ Rxf7 19. Rxf7 Qxe4 20. Nf3 Nf5 21. Rxb7
Qxb7 22. Qxe6 b4 23. Ng5 Rf8 24. Bd2 a5 25. Re1 Rf6 26. Qe8+ Rf8 27. Qe4 Qd7 28.
Be3 Nxe3 29. Qxe3 Qc6 30. Kh1 c4 31. Rc1 Bh6 32. Qd4+ Bg7 33. Qe3 Qa4 34. Qe4
bxc3 35. bxc3 Qxa2 36. Qb7 Qb3 37. Qa7 a4 38. Qb7 Qxb7 39. Ne6 Qb2 {White
resigns} 0-1

[Event "Team 45 45 League T24"]
[Site "Internet Chess Club"]
[Date "2004.10.03"]
[Round "4"]
[White "bigarrow"]
[Black "kingfischer57"]
[Result "1/2-1/2"]
[WhiteElo "1766"]
[BlackElo "1839"]
[TimeControl "2700+45"]

1. e4 e6 2. d4 d5 3. e5 c5 4. c3 Nc6 5. Nf3 Qb6 6. a3 c4 7. g3 Bd7 8. Bg2 Nge7
9. O-O Ng6 10. Nbd2 Na5 11. Rb1 O-O-O 12. b3 cxb3 13. Nxb3 Ba4 14. Nfd2 Nxb3 15.
Nxb3 h5 16. h4 Ne7 17. Qc2 Nc6 18. Qa2 Qa6 19. Bg5 Rd7 20. Rb2 Bxb3 21. Rxb3 Na5
22. Rbb1 Nc4 23. a4 Be7 24. Bxe7 Rxe7 25. Rb4 Rc7 26. Rfb1 Kb8 27. Bf1 Rhc8 28.
Qe2 g6 29. Qf3 b6 30. Qd1 Qb7 31. Bxc4 Rxc4 32. a5 Rxb4 33. cxb4 Rc4 34. f3 Qc7
35. Qd2 Rc3 36. axb6 axb6 37. Qf4 Rc2 38. g4 hxg4 39. fxg4 Qc3 40. Rf1 Qh3 41.
Rf2 Rxf2 42. Kxf2 Qxh4+ 43. Kg2 Qe7 44. Qd2 Kb7 45. b5 Qc7 46. Kf2 Qc4 47. Qb2
Qd3 48. Qb4 Qe4 49. Qe7+ Kb8 50. Qe8+ Kc7 51. Qxf7+ Kb8 52. Qe8+ Kc7 53. Qe7+
Kb8 54. Qd8+ Kb7 55. Qd7+ Kb8 56. Qe8+ Kb7 57. Qc6+ Ka7 58. Qc7+ Ka8 59. Qc8+
Ka7 60. Qa6+ Kb8 61. Qxb6+ Kc8 62. Qxe6+ Kb7 63. Qc6+ Kb8 64. Qc3 Qf4+ 65. Ke1
Qe4+ 66. Kd2 Qxg4 67. b6 Qg2+ 68. Kc1 Qf1+ 69. Kc2 Qe2+ 70. Kb3 Qb5+ 71. Qb4
Qd3+ 72. Ka4 Qa6+ 73. Qa5 Qc4+ 74. Qb4 {Game drawn by mutual agreement} 1/2-1/2

[Event "Team 45 45 League T24"]
[Site "Internet Chess Club"]
[Date "2004.09.29"]
[Round "4"]
[White "nanning"]
[Black "Steinwitz"]
[Result "0-1"]
[WhiteElo "1455"]
[BlackElo "1789"]
[TimeControl "2700+45"]

1. e4 e6 2. d3 d5 3. Nd2 Nf6 4. e5 Nfd7 5. f4 Bc5 6. Ngf3 f6 7. d4 Bb6 8. Bd3
O-O 9. O-O c5 10. c3 Nc6 11. Bb5 cxd4 12. Bxc6 dxc3+ 13. Kh1 cxb2 14. Bxb2 bxc6
15. Nd4 Bxd4 16. Bxd4 c5 17. exf6 cxd4 18. fxg7 Rf7 19. Qg4 Qf6 20. Rae1 Nc5 21.
Qh5 Qg6 22. Qh4 Bd7 23. Rf3 Qf6 24. Qh5 Rxg7 25. Re5 Be8 26. Qh3 Bg6 27. g4 Qd8
28. f5 Qg5 29. fxg6 Qxe5 30. gxh7+ Rxh7 31. Qg3 {White resigns} 0-1

[Event "Team 45 45 League T24"]
[Site "Internet Chess Club"]
[Date "2004.10.03"]
[Round "4"]
[White "john-beebs"]
[Black "Mike1948"]
[Result "1-0"]
[WhiteElo "1552"]
[BlackElo "1423"]
[TimeControl "2700+45"]

1. e4 c5 2. Nf3 Nc6 3. Nc3 a6 4. d4 cxd4 5. Nxd4 g6 6. Bc4 e6 7. O-O Bg7 8. Nxc6
bxc6 9. Re1 Ne7 10. Bg5 O-O 11. e5 Re8 12. f4 Qb6+ 13. Kh1 Qxb2 14. Ne4 d5 15.
exd6 Nd5 16. a3 Qxa1 17. Qxa1 Bxa1 18. Rxa1 Rb8 19. Bxd5 cxd5 20. Nf6+ Kf8 21.
Nxe8 Kxe8 22. g3 Kd7 23. Be7 a5 24. c4 dxc4 25. Rc1 Ba6 26. g4 Rb3 27. f5 Rxa3
28. fxe6+ fxe6 29. Rf1 Bb7+ 30. Kg1 Rf3 31. Ra1 c3 32. Rxa5 c2 33. Rc5 Be4 34.
Rc7+ Ke8 35. Bg5 Rd3 36. Re7+ Kf8 37. Bh6+ Kg8 38. Re8+ Kf7 39. Rf8# {Black
checkmated} 1-0

[Event "Team 45 45 League T24"]
[Site "Internet Chess Club"]
[Date "2004.10.05"]
[Round "4"]
[White "EyeAm"]
[Black "SpeedBlade"]
[Result "0-1"]
[WhiteElo "1258"]
[BlackElo "1460"]
[TimeControl "2700+45"]

1. e4 c6 2. c4 d5 3. exd5 cxd5 4. d4 g6 5. Nc3 Bg7 6. Nf3 Nf6 7. Bg5 dxc4 8.
Bxc4 O-O 9. O-O Nbd7 10. Ne5 Nb6 11. Bxf7+ Rxf7 12. Nxf7 Kxf7 13. Qd3 Bf5 14.
Qf3 Nbd5 15. Rfe1 Kg8 16. Bxf6 Nxf6 17. Qxb7 Bf8 18. d5 Qb8 19. Qxb8 Rxb8 20. b3
Rd8 21. Rad1 Kf7 22. f3 Bg7 23. a3 Ne8 24. g4 Bxc3 25. Re3 Bc2 26. Rxc3 Bxd1 27.
b4 Rxd5 {White resigns} 0-1

[Event "Team 45 45 League T24"]
[Site "Internet Chess Club"]
[Date "2004.10.05"]
[Round "4"]
[White "Hoyler"]
[Black "Thersites"]
[Result "1-0"]
[WhiteElo "1720"]
[BlackElo "1658"]
[TimeControl "2700+45"]

1. d4 d5 2. c4 c6 3. Nc3 Nf6 4. Nf3 Bf5 5. cxd5 cxd5 6. Qb3 Bc8 7. Bg5 e6 8. e3
a6 9. Bd3 Be7 10. O-O O-O 11. Rac1 Nc6 12. Rfe1 h6 13. Bh4 Na5 14. Qc2 Bd7 15.
Qe2 Rc8 16. Ne5 Nc6 17. Bb1 Nxe5 18. dxe5 Ne4 19. Bxe7 Nxc3 20. Qd3 {Black
resigns} 1-0

[Event "Team 45 45 League T24"]
[Site "Internet Chess Club"]
[Date "2004.10.05"]
[Round "4"]
[White "MrAnderssen"]
[Black "NESKAYA"]
[Result "0-1"]
[WhiteElo "1576"]
[BlackElo "1685"]
[TimeControl "2700+45"]

1. e4 e5 2. Nf3 Nc6 3. d4 exd4 4. c3 dxc3 5. Bc4 Be7 6. Qb3 Nh6 7. Bxh6 gxh6 8.
Bxf7+ Kf8 9. Nxc3 Kg7 10. Bh5 Rf8 11. O-O b6 12. Nd5 Bf6 13. Rae1 Ba6 14. e5 Be7
15. Qc3 Bxf1 16. Nxe7 Qxe7 17. Kxf1 Qe6 18. Re4 Ne7 19. Qxc7 Rfc8 20. Qb7 Rab8
21. Qxa7 Qf5 22. Rd4 Rc1+ 23. Ke2 Rbc8 24. Rxd7 Qe4+ 25. Kd2 R8c2# {White
checkmated} 0-1

[Event "Team 45 45 League T24"]
[Site "Internet Chess Club"]
[Date "2004.10.03"]
[Round "4"]
[White "AlPearson"]
[Black "dougmo"]
[Result "0-1"]
[WhiteElo "1433"]
[BlackElo "1602"]
[TimeControl "2700+45"]

1. e4 e6 2. d4 d5 3. e5 c5 4. c3 Qb6 5. Nf3 Nc6 6. Bd3 Bd7 7. Bc2 cxd4 8. cxd4
Nb4 9. Ba4 Rc8 10. Bxd7+ Kxd7 11. Nc3 Ne7 12. O-O Nf5 13. Ne2 Be7 14. a3 Nc6 15.
b4 h5 16. Bb2 g5 17. Rc1 g4 18. Ne1 h4 19. Ba1 g3 20. h3 Bg5 21. f4 Bh6 22. Qd2
Nxe5 23. Kh1 Nc4 24. Qc2 Nfe3 25. Qa4+ Ke7 26. Rf3 Nf5 27. Rfc3 Bg7 28. R3c2
Nxd4 29. Nxd4 Bxd4 30. Nd3 Bxa1 31. Rxa1 a6 32. Rac1 Qb5 33. Nc5 Rxc5 34. Qxb5
Rxb5 35. Kg1 Nxa3 36. Rc7+ Kf6 37. R1c5 Rxc5 38. bxc5 Rb8 39. Kf1 Nb5 40. Rd7 a5
{White resigns} 0-1

[Event "Team 45 45 League T24"]
[Site "Internet Chess Club"]
[Date "2004.10.04"]
[Round "4"]
[White "e4ia"]
[Black "Kasparklunk"]
[Result "1-0"]
[WhiteElo "1496"]
[BlackElo "1456"]
[TimeControl "2700+45"]

1. d4 d5 2. Bf4 Nc6 3. Nc3 Nf6 4. Nb5 Kd7 5. Bxc7 Qe8 6. Bg3 e5 7. dxe5 Nxe5 8.
e4 a6 9. Be2 axb5 10. Bxb5+ Nc6 11. Ne2 Nxe4 12. Qxd5+ Nd6 13. O-O-O Qe6 14.
Bxd6 Bxd6 15. Qg5 Qxa2 16. Qxg7 Qa1+ 17. Kd2 Qa5+ 18. Nc3 Re8 19. Qxf7+ Re7 20.
Qf5+ Kc7 21. Qg5 Qb6 22. Nd5+ Kb8 23. Nxb6 Bb4+ 24. c3 Bxc3+ 25. Kxc3 Ra5 26.
Qf4+ Ka7 27. Nxc8+ Ka8 {Black resigns} 1-0

[Event "Team 45 45 League T24"]
[Site "Internet Chess Club"]
[Date "2004.10.07"]
[Round "4"]
[White "ChessyStud"]
[Black "AMAV"]
[Result "0-1"]
[WhiteElo "2140"]
[BlackElo "2065"]
[TimeControl "2700+45"]

1. b3 d5 2. Bb2 c5 3. e3 Nc6 4. f4 Qc7 5. Nf3 Bg4 6. h3 Bxf3 7. Qxf3 e6 8. Bb5
f6 9. O-O a6 10. Bxc6+ Qxc6 11. c4 Ne7 12. cxd5 exd5 13. Nc3 O-O-O 14. d4 cxd4
15. Rfc1 Kb8 16. exd4 Nf5 17. Na4 Qb5 18. Nc5 Bd6 19. a4 Qe8 20. Re1 Qf7 21. Ne6
Rd7 22. Qxd5 g6 23. Qf3 Bb4 24. Nc5 Rxd4 25. Bxd4 Nxd4 26. Nxa6+ bxa6 27. Qd3
Bxe1 28. Rxe1 Qa7 29. Kh1 Rd8 30. b4 Qb6 31. a5 Qd6 32. Qc4 Rc8 33. Qf7 Qxf4 34.
Qxh7 Qg3 35. Rd1 Nf3 {White resigns} 0-1

[Event "Team 45 45 League T24"]
[Site "Internet Chess Club"]
[Date "2004.10.04"]
[Round "4"]
[White "Xaturanga"]
[Black "godkiller"]
[Result "1/2-1/2"]
[WhiteElo "1800"]
[BlackElo "1989"]
[TimeControl "2700+45"]

1. e4 e6 2. d4 b6 3. Bd3 Bb7 4. Nf3 Nf6 5. Nbd2 d6 6. O-O Be7 7. c3 O-O 8. Qc2
h6 9. Re1 Nbd7 10. Nf1 c5 11. Ng3 Rc8 12. Qb1 cxd4 13. cxd4 e5 14. b3 Re8 15.
Ba3 Bf8 16. Nf5 exd4 17. N3xd4 Nc5 18. f3 d5 19. Bb5 Re5 20. Bb2 dxe4 21. b4 Ne6
22. a3 {Game drawn by mutual agreement} 1/2-1/2

[Event "Team 45 45 League T24"]
[Site "Internet Chess Club"]
[Date "2004.10.04"]
[Round "4"]
[White "Bennie90"]
[Black "Beetlejuice"]
[Result "1-0"]
[WhiteElo "1918"]
[BlackElo "1878"]
[TimeControl "2700+45"]

1. d4 Nf6 2. Bg5 b6 3. Bxf6 exf6 4. e4 Bb7 5. f3 d5 6. Bd3 c5 7. Ne2 c4 8. Bxc4
dxc4 9. c3 Qc7 10. Nd2 b5 11. b3 cxb3 12. Qxb3 a6 13. a4 bxa4 14. Rxa4 Nd7 15.
Rc4 Qb6 16. Qa4 Qb5 17. Qa2 Bd6 18. O-O Qh5 19. g3 Nb6 20. Rb1 Nxc4 21. Nxc4 O-O
22. Rxb7 Rad8 23. Kg2 Bb8 24. Qxa6 Rfe8 25. Ne3 g6 26. Qxf6 g5 27. Ng4 Rf8 28.
Nh6+ {Black resigns} 1-0

[Event "Team 45 45 League T24"]
[Site "Internet Chess Club"]
[Date "2004.10.02"]
[Round "4"]
[White "camembert"]
[Black "Mika91"]
[Result "0-1"]
[WhiteElo "1859"]
[BlackElo "1888"]
[TimeControl "2700+45"]

1. e4 c5 2. Nf3 Nc6 3. Bb5 g6 4. O-O Bg7 5. c3 Nf6 6. Re1 O-O 7. d4 cxd4 8. cxd4
d5 9. e5 Nd7 10. Qa4 Nb6 11. Qd1 Bg4 12. Be3 Rc8 13. b3 Nb4 14. Na3 a6 15. Be2
Na8 16. Rc1 Nxa2 17. Rxc8 Qxc8 18. Bd2 Nc3 19. Bxc3 Qxc3 20. Qc2 Qa5 21. Ra1 Rc8
22. Qb2 Bh6 23. Nc2 Rxc2 24. Qxc2 Qxa1+ 25. Qd1 Qxd1+ 26. Bxd1 Nc7 {White
resigns} 0-1

[Event "Team 45 45 League T24"]
[Site "Internet Chess Club"]
[Date "2004.10.01"]
[Round "4"]
[White "Ser-Enigma"]
[Black "DeepHmmm"]
[Result "0-1"]
[WhiteElo "1968"]
[BlackElo "2174"]
[TimeControl "2700+45"]

1. d4 d5 2. c4 e6 3. Nc3 c6 4. e4 dxe4 5. Nxe4 Bb4+ 6. Bd2 Qxd4 7. Bxb4 Qxe4+ 8.
Be2 Na6 9. Bd6 b6 10. Nf3 Bb7 11. Ne5 Rd8 12. O-O Ne7 13. Bd3 Qh4 14. Nf3 Qh5
15. Bxe7 Kxe7 16. Qe2 Rhe8 17. a3 Nc5 18. Bc2 Kf8 19. b4 Nd7 20. Rfd1 Nf6 21.
Qe5 Qxe5 22. Nxe5 Ke7 23. Ba4 Rxd1+ 24. Rxd1 Rc8 25. g4 Rc7 26. f4 Nd7 27. Nf3
c5 28. Kf2 f6 29. Ke3 Nb8 30. b5 Rd7 31. Rxd7+ Nxd7 32. Bc2 g6 33. h4 Bxf3 34.
Kxf3 f5 35. gxf5 exf5 36. h5 Nf8 37. hxg6 hxg6 38. Ke3 Ne6 39. Bd3 Kf6 40. Kf3
g5 41. fxg5+ Nxg5+ 42. Kf4 Ne6+ 43. Kf3 Ke5 44. Ke3 Ng5 45. Be2 f4+ 46. Kd3 f3
47. Bf1 Kf4 48. Kd2 Ne4+ 49. Kd3 Ng3 50. Bh3 f2 {White resigns} 0-1

[Event "Team 45 45 League T24"]
[Site "Internet Chess Club"]
[Date "2004.10.01"]
[Round "4"]
[White "achessman"]
[Black "DTK"]
[Result "0-1"]
[WhiteElo "1888"]
[BlackElo "1930"]
[TimeControl "2700+45"]

1. e4 c5 2. b3 Nc6 3. Bb2 d6 4. Bc4 Nf6 5. d3 a6 6. a4 e6 7. f4 Be7 8. e5 d5 9.
exf6 Bxf6 10. Bxf6 Qxf6 11. Nd2 dxc4 12. Nxc4 Qxf4 13. Ne2 Qg5 14. O-O O-O 15.
Ng3 e5 16. Ne4 Qe7 17. Nb6 Be6 18. Nxa8 Rxa8 19. Qd2 h6 20. Rf2 b6 21. Rf3 Nd4
22. Rg3 f5 23. Nc3 f4 24. Rg6 Kh7 25. Rxe6 Qxe6 26. Re1 Qg4 27. Qf2 Re8 28. Nd5
Re6 29. Nc7 Rg6 30. Kf1 f3 31. g3 Qh3+ 32. Kg1 Ne2+ 33. Rxe2 fxe2 34. Qxe2 Rf6
35. Nxa6 Qc8 36. d4 {White resigns} 0-1

[Event "Team 45 45 League T24"]
[Site "Internet Chess Club"]
[Date "2004.10.05"]
[Round "4"]
[White "Nosferatu1"]
[Black "HadshiHalefOmar"]
[Result "0-1"]
[WhiteElo "1823"]
[BlackElo "1917"]
[TimeControl "2700+45"]

1. Nf3 d5 2. d4 Nf6 3. Bf4 Nc6 4. e3 a6 5. c4 e6 6. Nc3 dxc4 7. Bxc4 Bd6 8. Bg5
h6 9. Bh4 Ne7 10. Bd3 g5 11. Bg3 Nfd5 12. Bxd6 Qxd6 13. h3 Bd7 14. Ne5 Nf6 15.
Nxd7 Kxd7 16. a3 Ned5 17. Rc1 h5 18. g3 Rac8 19. Ne4 Nxe4 20. Bxe4 f5 21. Bxd5
exd5 22. Qa4+ c6 23. Qc2 Rhf8 24. Kd2 Rf7 25. f4 Rg8 26. Rcg1 Ke6 27. Rg2 Rc7
28. b4 gxf4 29. exf4 Qxf4+ 30. gxf4 Rxg2+ 31. Kd3 Rxc2 32. Kxc2 Rg7 33. Re1+ Kf6
34. Re3 h4 35. Kd2 Re7 36. Re5 Rg7 37. Re3 Rg2+ 38. Re2 Rxe2+ 39. Kxe2 Ke6 40.
Kd3 Kd6 41. a4 b6 42. Kc3 c5 43. dxc5+ bxc5 44. b5 axb5 45. axb5 d4+ 46. Kc4 Kc7
47. Kxc5 d3 {White forfeits on time} 0-1

[Event "Team 45 45 League T24"]
[Site "Internet Chess Club"]
[Date "2004.10.02"]
[Round "4"]
[White "tourettes"]
[Black "Irvin"]
[Result "0-1"]
[WhiteElo "1823"]
[BlackElo "1882"]
[TimeControl "2700+45"]

1. e4 c5 2. Nc3 d6 3. g3 Nc6 4. Bg2 Nf6 5. Nge2 h5 6. h3 Qb6 7. Nf4 e6 8. d3 Nd4
9. Nce2 Nc6 10. Ng1 g5 11. Nfe2 g4 12. h4 Bg7 13. c3 Ne5 14. Qc2 c4 15. dxc4
Nxc4 16. b3 Ne5 17. Nf4 Bd7 18. Be3 Qc7 19. Nd3 Nxd3+ 20. Qxd3 Nxe4 21. Rc1 Nc5
22. Qd2 Bc6 23. f3 gxf3 24. Nxf3 Ne4 25. Qd3 Nxg3 26. Rg1 Nf5 27. Nd4 Bxd4 28.
cxd4 Nxe3 29. Qxe3 Qa5+ 30. Qd2 Qxd2+ 31. Kxd2 Bxg2 32. Rxg2 Kd7 33. Rg7 Raf8
34. Rf1 Ke7 35. Rc1 Rc8 36. Rf1 Rcf8 37. Rc1 Kd8 38. Rf1 Ke7 39. Rc1 Kf6 40. Rg5
Rfg8 41. Rf1+ Ke7 42. Rfg1 Rxg5 43. Rxg5 Rh7 44. a4 f6 45. Rb5 Kd8 46. Ke3 Kc7
47. Rb4 Rg7 48. Rb5 f5 49. d5 e5 50. Rb4 Rg4 51. Rxg4 fxg4 52. a5 a6 53. b4 Kd7
54. Ke4 Ke7 55. Ke3 Kf6 56. Ke4 Kg6 {White resigns} 0-1

[Event "Team 45 45 League T24"]
[Site "Internet Chess Club"]
[Date "2004.10.03"]
[Round "4"]
[White "fledermaus"]
[Black "Rookmaster"]
[Result "1-0"]
[WhiteElo "2063"]
[BlackElo "1812"]
[TimeControl "2700+45"]

1. d4 Nf6 2. c4 e6 3. Nc3 Bb4 4. Qc2 O-O 5. a3 Be7 6. e4 d6 7. Bd3 e5 8. Nge2
Nbd7 9. O-O exd4 10. Nxd4 Ne5 11. Be2 Be6 12. b3 Bd7 13. h3 a6 14. f4 Nc6 15.
Nf3 Qc8 16. Kh2 g6 17. Bb2 Re8 18. Nd5 Nxe4 19. Qxe4 Bh4 20. Qd3 {Black resigns}
1-0

[Event "Team 45 45 League T24"]
[Site "Internet Chess Club"]
[Date "2004.10.01"]
[Round "4"]
[White "Kingofknights"]
[Black "TheDwarf"]
[Result "1/2-1/2"]
[WhiteElo "1714"]
[BlackElo "1813"]
[TimeControl "2700+45"]

1. d4 Nf6 2. c4 e6 3. Nc3 Bb4 4. e3 d5 5. cxd5 Qxd5 6. f3 Nc6 7. Bd2 Qh5 8. Bd3
a6 9. h4 Bd7 10. g4 Qa5 11. a3 Bxc3 12. bxc3 Na7 13. c4 Qa4 14. Ne2 Qxd1+ 15.
Rxd1 Bc6 16. Rh3 O-O-O 17. Rb1 Kb8 18. Bb4 Rd7 19. Bc3 Nc8 20. d5 exd5 21. Bxf6
gxf6 22. Nd4 Ba4 23. c5 c6 24. Bxa6 Re8 25. Kf2 Ka7 26. Be2 b6 27. Rb4 bxc5 28.
Rxa4+ Kb7 29. Nb3 Rde7 30. Ba6+ Kb6 31. Bxc8 Rxe3 32. Ra6+ Kb5 33. Ra5+ Kb6 34.
Ra6+ Kc7 35. Nxc5 Re2+ 36. Kg3 Rxc8 37. Ra7+ Kd6 38. Nd3 Re3 39. Nf4 c5 40. Rxf7
c4 41. Rxf6+ Kc5 42. Ne6+ Rxe6 43. Rxe6 c3 44. Rh1 Kc4 45. Kf2 d4 46. Re4 Rb8
47. Rc1 Rb2+ 48. Ke1 Rh2 49. Rd1 Rh1+ 50. Ke2 Rh2+ 51. Kf1 Rh1+ 52. Ke2 Rh2+ 53.
Ke1 Rh1+ 54. Ke2 Rh2+ 55. Kf1 Rh1+ 56. Ke2 Rh2+ 57. Ke1 Rh1+ 58. Ke2 Rh2+ 59.
Kf1 Rh1+ 60. Ke2 Rh2+ 61. Ke1 Rh1+ 62. Ke2 Rh2+ 63. Kf1 Rh1+ 64. Ke2 Rh2+ 65.
Ke1 {Game drawn by repetition} 1/2-1/2

[Event "Team 45 45 League T24"]
[Site "Internet Chess Club"]
[Date "2004.10.02"]
[Round "4"]
[White "Winclick"]
[Black "DaveTheRook"]
[Result "0-1"]
[WhiteElo "1721"]
[BlackElo "1659"]
[TimeControl "2700+45"]

1. d4 Nf6 2. c4 g6 3. Nc3 d6 4. e4 Nbd7 5. Nf3 Bg7 6. Be2 c6 7. O-O Qc7 8. Qc2
O-O 9. Rb1 e5 10. d5 Nc5 11. Nd2 cxd5 12. b4 Ncxe4 13. Nxd5 Nxd5 14. Nxe4 Bf5
15. Bd3 Ne7 16. Be3 b6 17. Rfd1 Rfd8 18. f3 d5 19. cxd5 Qxc2 20. Bxc2 Nxd5 21.
Bg5 Rd7 22. g4 Be6 23. a3 f5 24. gxf5 gxf5 25. Ng3 f4 26. Ne4 Ne3 27. Rxd7 Bxd7
28. Bb3+ Kf8 29. Nd6 h6 30. Bh4 Nf5 31. Nxf5 Bxf5 32. Rc1 Rc8 33. Rxc8+ Bxc8 34.
Bd5 Ke8 35. Bc6+ Bd7 36. b5 Bf8 37. a4 Be7 38. Bxe7 Kxe7 39. Be4 Kd6 40. Kf2 Kc5
41. Ke2 Kb4 42. Bc2 Kc3 43. Bd1 Be6 44. h4 Bb3 45. Bxb3 Kxb3 46. Kd3 Kxa4 47.
Kc4 h5 48. Kd5 Kxb5 49. Kxe5 a5 50. Kxf4 a4 51. Kg5 a3 52. f4 a2 53. f5 a1=Q 54.
f6 Qe5+ 55. Kg6 Qe6 56. Kg7 Qg4+ 57. Kh7 Qxh4 58. f7 Qf6 59. Kg8 h4 {White
resigns} 0-1

[Event "Team 45 45 League T24"]
[Site "Internet Chess Club"]
[Date "2004.10.02"]
[Round "4"]
[White "thetexan"]
[Black "Whacker"]
[Result "1-0"]
[WhiteElo "1638"]
[BlackElo "1548"]
[TimeControl "2700+45"]

1. d4 Nf6 2. c4 g6 3. Nc3 Bg7 4. e4 d6 5. Nf3 O-O 6. Be2 e5 7. O-O Nc6 8. d5 Ne7
9. b4 Nh5 10. Re1 f5 11. c5 Nf6 12. Bf1 f4 13. cxd6 cxd6 14. a4 Bg4 15. h3 Bh5
16. Ba3 g5 17. Be2 h6 18. Nd2 Bg6 19. b5 Qa5 20. Bxd6 Rf7 21. Bxe5 Nd7 22. Bxg7
Kxg7 23. Rc1 Rc8 24. Qb3 Nc5 25. Qb2 Nxa4 26. Nxa4+ Kh7 27. Rxc8 Nxc8 28. Nc5
Nd6 29. Nc4 Qxe1+ 30. Kh2 Nxc4 31. Bxc4 Rc7 32. Ne6 Rd7 33. Nf8+ {Black resigns}
1-0

[Event "Team 45 45 League T24"]
[Site "Internet Chess Club"]
[Date "2004.10.03"]
[Round "4"]
[White "JoshLilly"]
[Black "zota"]
[Result "0-1"]
[WhiteElo "1832"]
[BlackElo "1890"]
[TimeControl "2700+45"]

1. c4 e5 2. Nc3 Nf6 3. g3 c6 4. e4 d5 5. cxd5 cxd5 6. exd5 Nxd5 7. Bg2 Nb4 8.
Nf3 Qd3 9. Qb3 Nc2+ 10. Kd1 Nxa1 11. Qa4+ Bd7 12. Qa5 Nc6 13. Qd5 {White
resigns} 0-1